 Dungeon Crawl Stone Soup version 0.30-a0-331-g8ab09dc110 (webtiles) character file.

Game seed: 3035267045389097083

219 oldriver the Magician (level 6, -1/46 HPs)
             Began as a Human Hedge Wizard on Oct 29, 2022.
             Slain by an ice beast (8 damage)
             ... on level 4 of the Dungeon.
             The game lasted 00:05:47 (4469 turns).

oldriver the Magician (Human Hedge Wizard)          Turns: 4469, Time: 00:05:48

Health: -1/46      AC:  3    Str:  7 (10) XL:     6   Next: 17%
Magic:  0/13       EV: 12    Int: 14 (17) God:
Gold:   181        SH:  0    Dex: 10 (12) Spells: 8/14 levels left

rFire   . . .      SeeInvis .    a - +0 dagger
rCold   . . .      Faith    .    (no shield)
rNeg    . . .      Spirit   .    b - +0 robe
rPois   .          Reflect  .    c - +0 hat
rElec   .          Harm     .    (no cloak)
rCorr   .          Rampage  .    n - +0 pair of gloves
Will    .....                    (no boots)
Stlth   ++........               (no amulet)
HPRegen 0.27/turn                e - +4 ring of slaying
MPRegen 0.13/turn                (no ring)

@: attractive, on blink cooldown
A: no striking features
a: no special abilities


You were on level 4 of the Dungeon.
You visited 1 branch of the dungeon, and saw 5 of its levels.

You collected 181 gold pieces.

Inventory:

Hand Weapons
 a - a +0 dagger (weapon)
Armour
 b - a +0 robe (worn)
 c - a +0 hat (worn)
 n - a +0 pair of gloves (worn)
Jewellery
 e - a +4 ring of slaying (left hand)
 q - a ring of fire
Scrolls
 d - a scroll of silence {unknown}
 f - 3 scrolls of blinking {unknown}
 g - a scroll of noise {unknown}
 h - 6 scrolls of identify {unknown}
 j - a scroll of fear {unknown}
 l - a scroll of butterflies {unknown}
 o - 4 scrolls of teleportation
Potions
 k - a potion of cancellation


   Skills:
 + Level 2.5 Fighting
 - Level 2.0 Dodging
 - Level 2.0 Stealth
 * Level 4.7 Spellcasting
 + Level 2.8 Conjurations
 - Level 1.0 Summonings
 - Level 1.0 Translocations


You had 8 spell levels left.
You knew the following spells:

 Your Spells              Type           Power      Damage    Failure   Level
a - Magic Dart            Conj           44%        1d5       5%          1
b - Call Imp              Summ           6%         N/A       19%         2
c - Blink                 Tloc           12%        N/A       19%         2
d - Slow                  Hex            12%        N/A       19%         1

Your spell library contained the following spells:

 Spells                   Type           Power      Damage    Failure   Level
 Cigotuvi's Dreadful Rot  Necr/Pois/Air  6%         N/A       26%         2
 Mephitic Cloud           Conj/Pois/Air  5%         N/A       36%         3
 Dispel Undead            Necr           3%         3d7       87%         4
 Death Channel            Necr           1%         N/A       100%        6


Dungeon Overview and Level Annotations

Branches:
Dungeon (5/15)
 Temple: D:4-7

Altars:
Uskayaw
Yredelemnul

Shops:
D:5 *

Annotations:
D:3 1 runed translucent door


Message History

Confirm with . or Enter, or press ? or * to list all spells.
Aiming: Magic Dart (safe; 4% risk of failure)
Press: ? - help, Shift-Dir - straight line, f - ice beast
Aim: an ice beast (moderately wounded, ally target, 100% to hit)
The magic dart hits the ice beast.
The ice beast is heavily wounded.
Your crimson imp closely misses the ice beast.
The ice beast hits you. The ice beast freezes you!
* * * LOW HITPOINT WARNING * * *
Casting: Magic Dart (safe; 4% risk of failure)
Confirm with . or Enter, or press ? or * to list all spells.
Okay, then.
Casting: Magic Dart (safe; 4% risk of failure)
Confirm with . or Enter, or press ? or * to list all spells.
You blink.
The ice beast hits you but does no damage.
Your crimson imp blinks!
Casting: Blink (safe; 14% risk of failure)
Confirm with . or Enter, or press ? or * to list all spells.
You don't have enough magic to cast this spell.
Casting: Blink (safe; 14% risk of failure)
Confirm with . or Enter, or press ? or * to list all spells.
Aiming: Magic Dart (safe; 4% risk of failure)
Press: ? - help, Shift-Dir - straight line, f/p - ice beast
Aim: an ice beast (heavily wounded, ally target, 100% to hit)
The magic dart hits the ice beast but does no damage.
The ice beast is heavily wounded.
The ice beast hits you but does no damage.
Unknown command.
It was a potion of attraction.
You feel attractive to monsters.
Your crimson imp blinks!
The ice beast hits you but does no damage.
It was a potion of degeneration.
There was something very wrong with that liquid.
You feel weakened.
You feel dopey.
You feel clumsy. The ice beast hits you.
* * * LOW HITPOINT WARNING * * *
The ice beast freezes you!
You die...

......+.......#....#.........#
......##+##...######.........#
..........#...#.....####.....####
..........#####.....# #.........
..........# #.....# #.........
......[...# #..ยง..# #.........
......##### #.....# ######....
......# #..Y..# ##### ......#
#.@...# ......# #.....# ......#
#.....# ####### #######


You could see an ice beast.

Vanquished Creatures
  An adder (D:3)
  An ufetubus (D:5)
  An orc (D:3)
  2 ball pythons
  4 bats
  4 endoplasms
  A giant cockroach (D:1)
  3 goblins
  6 hobgoblins
  2 jackals (D:5)
  4 kobolds
  2 quokkas
  3 frilled lizards
  A jackal skeleton (D:3)
  A kobold zombie (D:3)
  5 rats
41 creatures vanquished.

Vanquished Creatures (collateral kills)
  A black bear (D:4)
  Ijyb (D:3)
  3 adders
  2 worms
  An orc (D:4)
  A bat (D:2)
  An endoplasm (D:2)
  A goblin (D:2)
  A hobgoblin (D:3)
  A jackal zombie (D:3)
13 creatures vanquished.

Grand Total: 54 creatures vanquished

Notes
Turn   | Place    | Note
-------+----------+-------------------------------------------
     0 | D:1      | oldriver the Human Hedge Wizard began the quest for the
                  | Orb.
     0 | D:1      | Reached XP level 1. HP: 13/13 MP: 4/4
   281 | D:1      | Reached XP level 2. HP: 20/20 MP: 0/6
   861 | D:2      | Learned a level 2 spell: Call Imp
   959 | D:2      | Reached skill level 1 in Fighting
   959 | D:2      | Reached XP level 3. HP: 26/26 MP: 2/8
  1678 | D:3      | Noticed a human
  1678 | D:3      | Found a runed translucent door.
  1784 | D:3      | Reached XP level 4. HP: 28/32 MP: 2/9
  2005 | D:3      | Noticed Ijyb
  2040 | D:3      | Paralysed by Ijyb for 5 turns
  2054 | D:3      | Paralysed by Ijyb for 2 turns
  2130 | D:3      | Found a hide-covered altar of Uskayaw.
  2216 | D:3      | Reached skill level 4 in Spellcasting
  2289 | D:3      | Found a basalt altar of Yredelemnul.
  2467 | D:3      | Killed Ijyb
  2468 | D:3      | Reached XP level 5. HP: 26/38 MP: 0/11
  3661 | D:4      | Noticed a black bear
  3671 | D:4      | Killed a black bear
  3672 | D:4      | Reached XP level 6. HP: 14/46 MP: 4/13
  4014 | D:4      | Noticed an ogre
  4082 | D:4      | Learned a level 2 spell: Blink
  4084 | D:4      | Learned a level 1 spell: Slow
  4209 | D:5      | Entered Level 5 of the Dungeon
  4438 | D:5      | Found Ykon's General Store.
  4440 | D:5      | Noticed an ice beast
  4469 | D:4      | Slain by an ice beast

Illustrated notes

Levels and vault maps discovered:
D:1:      amcnicky_arrival_choice, layout_basic,
          dreamdust_ecumenical_altar_angels_and_demons, serial_shops, shop
D:2:      layout_basic
D:3:      layout_basic, dk_yredelemnul_ordeal, nicolae_uskayaw_dance_hall,
          uniq_ijyb
D:4:      layout_gridville, kennysheep_generic_room_4
D:5:      layout_gridville, serial_shops, shop_statue

Skill      XL: |  1  2  3  4  5 |
---------------+----------------+-----
Fighting       | 1 2 |  2.5
Conjurations   | 2 |  2.8
Spellcasting   | 4 |  4.7
Dodging        | |  2.0
Stealth        | |  2.0
Summonings     | |  1.0
Translocations | |  1.0

Action                   |  1- 3 |  4- 6 || total
-------------------------+-------+-------++-------
Melee: Dagger            |    28 |     8 ||    36
       Punch             |     1 |       ||     1
 Cast: Magic Dart        |    52 |    87 ||   139
       Call Imp          |     5 |    19 ||    24
       Blink             |       |     1 ||     1
  Use: Scroll            |       |     4 ||     4
       Potion            |       |     6 ||     6
Armor: Robe              |     9 |    16 ||    25
Dodge: Dodged            |    24 |    29 ||    53

Table legend: (Time is in decaauts)
 A = Elapsed time spent in this place.
 B = Non-inter-level travel time spent in this place.
 C = Inter-level travel time spent in this place.
 D = Time resting spent in this place.
 E = Time spent auto-exploring this place.
 F = Levels seen in this place.
 G = Mean time per level.
                   A        B        C        D        E       F      G
               +--------+--------+--------+--------+--------+-----+--------+
         Total |   4468 |   4262 |    206 |    805 |   2839 |   5 |  893.6 |
       Dungeon |   4468 |   4262 |    206 |    805 |   2839 |   5 |  893.6 |
               +--------+--------+--------+--------+--------+-----+--------+

Top non-repeatable levels by time:
     D:4: 1245 daAuts
     D:3: 1222 daAuts
     D:2: 894 daAuts
     D:1: 854 daAuts
     D:5: 251 daAuts
